Map: Tokamak LE

Players

TecCa - Winner!

  • Race: Terran Terran
  • Spawn Location: 7:00

A.I. 1 (Elite)

  • Race: Protoss Protoss
  • Spawn Location: 1:00

VOD

Have the link to the VOD?

Description

Time

  • Played on: Nov. 9, 2025, 6:55 p.m.
  • Length: 23:37
Show
View Real Time Build Order
Export as new Build Order

TecCa Terran - Winner!

Build Orders:  

Get SALT Encoding   

  12  0:00  SCV  
  13  0:12  SCV  
  14  0:17  Supply Depot  
  14  0:24  SCV  
  15  0:39  SCV  
  16  0:43  Barracks  
  16  0:51  SCV  
  17  1:03  SCV  
  18  1:15  SCV  
  18  1:16  Refinery  
  19  1:30  Orbital Command  
  19  1:34  Command Center  
  19  1:36  Marine  
  20  1:43  Supply Depot  
  20  1:54  Marine  
  20  1:56  SCV  
  23  2:08  SCV  
  23  2:11  Marine  
  23  2:13  Supply Depot  
  24  2:20  SCV  
  25  2:32  SCV, Barracks Reactor  
  26  2:41  Barracks  
  26  2:42  Barracks  
  26  2:44  SCV  
  26  2:51  Orbital Command  
  27  2:53  Refinery  
  27  2:57  SCV  
  28  3:05  Bunker, Supply Depot  
  28  3:09  SCV  
  29  3:15  Marine  
  29  3:16  Marine  
  31  3:21  SCV  
  31  3:22  Refinery  
  32  3:27  SCV  
  32  3:28  Supply Depot  
  32  3:33  SCV  
  34  3:40  Barracks Tech Lab x2  
  34  3:48  Factory  
  34  3:53  SCV x2  
  36  3:59  Command Center  
  36  4:05  SCV  
  36  4:06  SCV  
  38  4:17  SCV  
  38  4:18  SCV  
  38  4:20  Combat Shield  
  38  4:23  Stimpack  
  40  4:27  Marauder x2, Marine x2  
  40  4:29  SCV  
  47  4:32  SCV  
  48  4:41  Factory Tech Lab, SCV  
  48  4:44  SCV  
  50  4:49  Starport  
  50  4:53  SCV  
  50  4:56  SCV  
  50  4:57  Marauder, Marine x2  
  56  5:02  Marauder  
  56  5:05  SCV  
  59  5:08  SCV, Siege Tank  
  59  5:13  Orbital Command  
  63  5:23  Engineering Bay  
  63  5:27  Starport Tech Lab  
  63  5:30  SCV x2  
  63  5:33  Refinery  
  65  5:38  Concussive Shells  
  65  5:39  Marauder x2, Marine x2  
  65  5:42  SCV x2  
  73  5:44  Supply Depot x2  
  73  5:49  Orbital Command  
  73  5:55  Siege Tank  
  76  5:57  Marine x2  
  76  6:01  Marauder x2  
  83  6:04  SCV x2  
  83  6:08  Supply Depot x2  
  84  6:16  SCV x2  
  86  6:34  Supply Depot  
  86  6:36  Supply Depot  
  86  6:40  Marauder, Marine  
  86  6:41  Marauder, Marine, Siege Tank  
  86  6:43  Banshee  
  98  6:52  Starport  
  98  6:54  Engineering Bay  
  98  6:55  Terran Infantry Weapons Level 1  
  98  6:58  Supply Depot  
  98  6:59  Marine, Supply Depot  
  98  7:00  Marine  
  100  7:02  Marauder  
  100  7:04  SCV  
  103  7:12  SCV x2  
  105  7:16  SCV  
  105  7:21  Supply Depot  
  106  7:24  SCV  
  106  7:25  SCV  
  106  7:26  Banshee  
  106  7:28  SCV  
  112  7:31  Refinery x2  
  112  7:32  Marauder x2, Marine x2  
  112  7:34  Siege Tank  
  112  7:36  Terran Infantry Armor Level 1, SCV  
  123  7:37  Armory, SCV  
  123  7:40  SCV  
  124  7:46  Barracks  
  124  7:49  SCV  
  125  7:52  Factory  
  125  7:53  SCV x2  
  125  7:55  Barracks  
  125  7:56  Marine  
  125  7:57  Marauder x2, Marine  
  133  8:00  Starport Reactor  
  133  8:06  Siege Tank  
  133  8:09  Banshee  
  139  8:15  Supply Depot, Hyperflight Rotors  
  139  8:18  Supply Depot  
  139  8:28  SCV x3  
  139  8:31  Supply Depot  
  142  8:39  Marauder x2, Marine x2, Siege Tank  
  142  8:40  SCV x3  
  154  8:42  Medivac x2  
  158  8:52  Banshee, SCV x3  
  164  9:04  SCV, Factory  
  164  9:08  Barracks  
  165  9:11  Barracks, Medivac  
  165  9:12  Medivac, Terran Vehicle Weapons Level 1  
  165  9:13  Barracks  
  165  9:16  Ghost Academy  
  126  9:49  Banshee  
  126  9:50  Medivac x2  
  133  9:53  Marauder, Barracks  
  133  9:54  Marauder, Marine x2  
  133  9:57  Factory Tech Lab  
  133  9:58  Factory Tech Lab  
  139  10:01  Barracks Tech Lab x2  
  139  10:02  Barracks Reactor  
  139  10:03  Barracks Reactor x2  
  139  10:12  Marine  
  140  10:15  Marauder x2  
  140  10:20  Marauder, Marine, Medivac x2  
  140  10:21  Marauder  
  153  10:22  Siege Tank x2  
  159  10:29  Marine  
  159  10:32  Banshee  
  163  10:36  Marauder x2  
  163  10:38  Marine  
  163  10:41  Marine  
  169  10:44  Command Center  
  169  10:45  Command Center  
  169  10:54  Barracks Tech Lab  
  169  10:55  Marine  
  169  10:56  Marine  
  173  11:18  Unknown  
  173  11:46  Marine  
  173  11:47  Marauder  
  173  11:55  Marine  
  173  11:56  Marine x7, Hellion x3  
  173  11:57  Marine  
  173  11:59  Supply Depot x2  
  173  12:00  Supply Depot  
  183  12:02  Supply Depot  
  183  12:04  Marine  
  183  12:08  Marauder, Banshee  
  189  12:10  Medivac x2  
  189  12:12  Marine  
  189  12:14  Marine x6  
  200  12:22  Supply Depot  
  200  12:23  Supply Depot, Unknown  
  200  12:24  Orbital Command  
  200  12:25  Unknown, Supply Depot  
  200  12:26  Orbital Command  
  200  12:49  Refinery  
  200  12:50  Refinery  
  166  13:57  Marauder, Marine x3  
  166  13:58  Marauder, Marine x3  
  166  13:59  Marine x2  
  166  14:00  Siege Tank x2  
  166  14:01  Medivac x3, Siege Tank  
  197  14:15  Marine x3  
  200  14:27  Unknown x3  
  190  15:32  Marine  
  190  15:33  Marauder x2, Marine x7  
  194  16:07  Marine  
  194  16:08  Marauder, Marine x3  
  196  16:24  Refinery  
  196  16:28  Refinery  
  179  18:01  Marine x8  
  179  18:03  Banshee  
  200  18:27  Unknown  
  200  18:28  Unknown x4  
  183  19:40  Banshee  
  185  20:12  Marauder, Marine x10  
  185  20:13  Marine x2  
  198  20:30  Marine x2  
  200  21:02  Terran Infantry Armor Level 2, Terran Infantry Weapons Level 2, Terran Vehicle Weapons Level 2  
  200  21:22  Command Center  
  200  21:25  Command Center  
  200  21:33  Command Center  
  200  21:43  Command Center  
  200  21:47  Command Center  
Show
View Real Time Build Order
Export as new Build Order

A.I. 1 (Elite) Protoss 

Build Orders: 1 Gate Expand, Archon Immortal, Colossus Rush 

Get SALT Encoding   

  12  0:00  Probe  
  13  0:13  Probe  
  14  0:19  Pylon  
  14  0:25  Probe  
  15  0:34  Probe  
  15  0:42  Probe  
  17  0:50  Gateway  
  17  0:52  Probe  
  18  1:00  Probe  
  19  1:14  Probe  
  19  1:18  Nexus  
  20  1:26  Probe  
  21  1:36  Pylon  
  21  1:37  Zealot  
  23  1:44  Cybernetics Core  
  23  1:48  Assimilator  
  23  1:54  Probe  
  24  2:02  Probe  
  25  2:11  Probe  
  26  2:19  Pylon  
  26  2:20  Probe  
  26  2:28  Probe  
  27  2:30  Probe  
  27  2:32  Warp Gate, Gateway  
  29  2:37  Probe  
  29  2:39  Assimilator  
  30  2:46  Stalker  
  30  2:53  Probe  
  30  2:54  Pylon  
  30  2:55  Probe  
  34  3:05  Probe  
  34  3:07  Adept, Probe  
  36  3:18  Adept, Probe  
  41  3:21  Probe  
  42  3:28  Adept, Robotics Facility  
  42  3:31  Probe  
  42  3:33  Probe  
  46  3:43  Probe  
  46  3:45  Probe  
  48  3:48  Adept  
  48  3:54  Adept  
  48  3:55  Probe  
  51  3:57  Probe  
  51  4:02  Pylon  
  54  4:07  Probe  
  54  4:09  Probe  
  56  4:19  Probe  
  56  4:20  Robotics Bay, Pylon  
  57  4:26  Adept, Observer  
  57  4:28  Gateway  
  60  4:33  Probe, Pylon  
  60  4:35  Probe  
  62  4:45  Robotics Facility  
  62  4:55  Stalker  
  62  4:59  Pylon  
  64  5:00  Zealot  
  66  5:15  Pylon  
  66  5:17  Gateway  
  66  5:18  Zealot  
  66  5:19  Zealot  
  70  5:22  Zealot  
  72  5:33  Stalker  
  74  5:36  Colossus  
  80  5:45  Probe, Pylon  
  81  6:02  Nexus, Twilight Council  
  81  6:04  Assimilator  
  81  6:05  Forge  
  81  6:06  Assimilator  
  81  6:15  Forge  
  81  6:24  Pylon  
  81  6:27  Probe  
  81  6:28  Probe  
  83  6:37  Probe  
  83  6:39  Gateway, Probe  
  84  6:44  Templar Archives  
  84  6:46  Photon Cannon  
  85  6:52  Stalker, Warp Prism  
  89  6:55  Pylon  
  89  6:57  Pylon  
  89  7:02  Sentry  
  89  7:03  Zealot  
  89  7:07  Stalker  
  95  7:11  Warp Prism  
  95  7:15  Zealot, Probe  
  100  7:16  Probe x2  
  100  7:20  Photon Cannon  
  100  7:21  Assimilator  
  102  7:24  Stalker, High Templar  
  102  7:26  Stalker, Assimilator  
  102  7:27  Probe  
  102  7:28  Probe x2  
  111  7:33  High Templar  
  111  7:35  Stalker  
  115  7:39  Probe  
  115  7:40  Probe x2  
  118  7:44  Sentry  
  118  7:48  Archon  
  120  7:52  Probe  
  120  7:53  Probe x2  
  120  7:55  High Templar  
  125  8:04  Probe, Immortal  
  125  8:05  Probe  
  127  8:06  Probe, High Templar  
  134  8:13  Pylon  
  134  8:16  Probe, Immortal  
  134  8:17  Probe  
  134  8:18  Probe  
  134  8:19  Archon  
  141  8:27  High Templar  
  141  8:28  Probe  
  141  8:29  Probe  
  145  8:36  Pylon  
  145  8:37  High Templar  
  147  8:41  Immortal  
  147  8:43  Protoss Ground Weapons Level 1  
  147  8:44  Photon Cannon  
  147  8:46  Photon Cannon  
  147  8:47  Pylon  
  151  8:52  Archon  
  151  8:57  Gateway, Nexus  
  151  8:59  High Templar  
  153  9:04  Protoss Ground Armor Level 1  
  153  9:08  High Templar  
  155  9:10  Pylon  
  155  9:11  Photon Cannon  
  155  9:13  Pylon  
  153  9:20  Immortal  
  153  9:22  Archon  
  153  9:23  Zealot x3  
  117  9:31  Zealot  
  117  9:34  Zealot  
  101  9:43  Zealot, High Templar x2  
  107  9:48  Archon  
  107  9:50  High Templar  
  107  9:51  Adept, Zealot  
  113  10:02  Photon Cannon  
  113  10:03  Stalker  
  113  10:04  Photon Cannon  
  115  10:11  Sentry, High Templar  
  119  10:15  Adept  
  119  10:16  Stalker x2  
  125  10:21  Assimilator  
  125  10:24  Pylon  
  125  10:25  Assimilator  
  125  10:26  Archon, Sentry, Stalker  
  129  10:35  High Templar  
  129  10:40  Photon Cannon  
  131  10:45  Photon Cannon, High Templar  
  131  10:47  Pylon  
  131  10:48  Stalker  
  135  10:50  Stalker, Archon  
  137  10:59  Photon Cannon, High Templar  
  139  11:05  Gateway  
  139  11:06  High Templar  
  139  11:08  Photon Cannon, Nexus, Stalker  
  139  11:10  Stalker  
  145  11:13  Photon Cannon, Archon  
  145  11:15  Photon Cannon  
  145  11:18  High Templar  
  147  11:23  Probe x2  
  147  11:25  High Templar  
  147  11:34  High Templar  
  147  11:38  Probe  
  147  11:39  Probe x3, Immortal  
  149  11:47  Photon Cannon  
  149  11:48  High Templar  
  149  11:51  Probe  
  149  11:53  Probe  
  151  11:56  High Templar  
  151  11:58  Immortal  
  151  12:02  High Templar  
  151  12:05  Immortal  
  157  12:13  Zealot  
  159  12:16  Archon  
  159  12:18  High Templar  
  159  12:20  Photon Cannon  
  165  12:26  High Templar  
  167  12:34  Assimilator  
  167  12:35  Nexus  
  167  12:36  Observer  
  167  12:38  Pylon  
  167  12:40  Observer, High Templar, Archon, Assimilator  
  171  12:47  Zealot, High Templar  
  175  12:54  Photon Cannon  
  175  12:56  Psionic Storm  
  175  12:57  Zealot x4  
  179  12:58  Archon  
  155  13:06  Immortal  
  155  13:07  Zealot  
  155  13:10  Adept  
  119  13:14  Zealot  
  119  13:17  Adept, Zealot, Stalker  
  119  13:19  Zealot  
  117  13:20  Immortal  
  117  13:23  Sentry  
  101  13:27  Zealot  
  103  13:34  Stalker  
  103  13:37  Zealot, Probe x3, Sentry  
  103  13:38  Stalker x2  
  103  13:39  Zealot  
  115  13:45  Immortal  
  115  13:47  Stalker  
  121  13:53  Zealot  
  123  13:57  Zealot  
  123  13:58  Zealot  
  123  13:59  Immortal, Stalker  
  123  14:00  Stalker  
  132  14:04  Probe x2  
  132  14:05  Probe  
  132  14:06  Nexus  
  132  14:08  Assimilator  
  132  14:09  Adept  
  135  14:14  Stalker  
  135  14:17  Zealot  
  139  14:19  Zealot  
  139  14:22  Zealot  
  143  14:24  Stalker  
  143  14:28  Stalker  
  143  14:30  Stalker  
  149  14:34  Stalker  
  149  14:37  Stalker  
  153  14:40  Stalker  
  153  14:44  Probe  
  153  14:45  Probe  
  155  14:50  Immortal  
  159  15:02  Nexus  
  159  15:06  Probe  
  159  15:09  Probe  
  159  15:10  Probe x2  
  159  15:12  Colossus  
  159  15:19  Immortal  
  163  15:27  Sentry  
  164  15:29  Probe  
  164  15:31  Probe  
  164  15:32  Probe  
  164  15:33  Probe  
  168  15:35  Probe  
  168  15:39  Probe  
  168  15:41  Probe  
  170  15:45  Colossus, Protoss Ground Weapons Level 2  
  170  15:48  Charge  
  170  15:49  Adept  
  173  15:52  Adept  
  181  16:11  Stalker  
  173  16:13  Stalker  
  173  16:14  Pylon  
  173  16:17  Stalker  
  143  16:20  Stalker  
  143  16:23  Zealot  
  135  16:26  Zealot  
  135  16:29  Zealot  
  135  16:31  Zealot  
  141  16:36  Zealot  
  143  16:40  Zealot, Stalker  
  143  16:43  Stalker  
  143  16:46  Stalker  
  151  16:48  Stalker  
  151  16:52  Stalker  
  155  16:57  Probe x2, Stalker  
  155  16:58  Probe  
  155  17:01  Zealot  
  153  17:04  Zealot  
  153  17:06  Zealot  
  157  17:09  Zealot  
  157  17:12  Zealot  
  157  17:13  Blink  
  157  17:15  Sentry  
  153  17:20  Adept  
  153  17:21  Zealot  
  103  17:24  Sentry  
  103  17:26  Adept  
  107  17:33  Nexus  
  107  17:36  Stalker  
  109  17:39  Stalker  
  109  17:42  Zealot  
  113  17:44  Zealot  
  113  17:47  Zealot  
  113  17:49  Zealot  
  85  18:04  Adept  
  71  18:08  Stalker  
  71  18:10  Sentry  
  72  18:13  Adept  
  72  18:14  Probe, Stalker  
  72  18:15  Probe, Sentry, Stalker  
  72  18:28  Adept  
  72  18:30  Probe  
  72  18:32  Probe  
  74  18:34  Probe  
  74  18:36  Probe  
  74  18:38  Zealot x2, Stalker  
  77  18:42  Probe  
  77  18:44  Probe  
  67  19:05  Probe  
  67  19:07  Probe x2, Stalker  
  71  19:18  Probe  
  71  19:19  Probe  
  71  19:20  Probe  
  73  19:24  Probe  
  73  19:25  Probe  
  73  19:31  Zealot  
  56  19:34  Adept, Zealot, Sentry  
  56  19:35  Adept  
  43  19:53  Adept  
  43  19:59  Stalker  
  43  20:00  Nexus  
  33  20:26  Zealot  
  33  20:31  Nexus  
  33  20:32  Zealot  
  28  20:47  Zealot  
  26  21:38  Pylon  
Tags
 
Composition
Archon Immortal
Matchup
PvT
Spawn Locations
Cross Positions
Add a new tag
Caveats
  • Supply blocks, unpowered buildings, or Contaminate may cause inaccurate times.
  • Supply counts are checked every 10 seconds.